 Dungeon Crawl Stone Soup version 0.21.1-1-g345015fe64 (webtiles) character file.

219158 Jannitor the Cruncher (level 19, 0/103 HPs)
             Began as a Vine Stalker Necromancer on June 30, 2018.
             Was the Champion of Makhleb.
             Splashed by a tengu reaver's acid (9 damage)
             ... on level 2 of the Vaults on July 1, 2018.
             The game lasted 01:35:12 (33092 turns).

Jannitor the Cruncher (Vine Stalker Necromancer)   Turns: 33092, Time: 01:35:15

Health: 0/103      AC: 23    Str: 18    XL:     19   Next: 13%
Magic:  0/34       EV: 15    Int: 15    God:    Makhleb [******]
Gold:   1596       SH:  0    Dex: 16    Spells: 20/39 levels left

rFire    . . .     SeeInvis .   B - +9 lajatang (pain)
rCold    + . .     Gourm    .   (shield currently unavailable)
rNeg     . . .     Faith    .   g - +3 ring mail {MR+}
rPois    .         Spirit   +   r - +1 helmet
rElec    .         Reflect  .   (no cloak)
rCorr    .         Harm     .   A - +1 pair of gloves {archery}
MR       +++..                  Q - +2 pair of boots {Stlth+}
Stlth    +++.......             a - amulet of rage
HPRegen  1.07/turn              O - ring of protection from cold
MPRegen  0.24/turn              C - ring of Robustness {AC+8}

@: lethally poisoned (0 -> -6), corroded, slowed, very slow
A: fangs 3, regeneration 2, magic shield, antimagic bite, no potion heal 3, rot
immunity
}: 1/15 runes: decaying
a: Minor Destruction, Lesser Servant of Makhleb, Major Destruction, Greater
Servant of Makhleb, Renounce Religion, Evoke Berserk Rage


You were on level 2 of the Vaults.
You worshipped Makhleb.
Makhleb was exalted by your worship.
You were hungry.

You visited 6 branches of the dungeon, and saw 30 of its levels.
You also visited: Labyrinth, Sewer, Bailey and Ice Cave.

You collected 3394 gold pieces.
You spent 1798 gold pieces at shops.

Inventory:

Hand Weapons
 B - a +9 lajatang of pain (weapon)
Armour
 g - a +3 ring mail of magic resistance (worn)
 h - +0 ice dragon scales
 r - a +1 helmet (worn)
 A - a +1 pair of gloves of archery (worn)
 F - +0 swamp dragon scales
 Q - a +2 pair of boots of stealth (worn)
Magical Staves
 p - an uncursed staff of wizardry
 z - an uncursed staff of cold
Jewellery
 a - an amulet of rage (around neck)
 C - the ring of Robustness (right hand) {AC+8}
   (You bought it in a shop on level 15 of the Dungeon)

   [ring of protection]

   It affects your AC (+8).
 H - an uncursed amulet of magic regeneration {unknown}
 I - an uncursed ring of protection from magic {unknown}
 O - a ring of protection from cold (left hand)
 R - an uncursed ring of resist corrosion
Wands
 e - a wand of digging (52)
 f - a wand of polymorph (51)
 t - a wand of flame (63)
 J - a wand of iceblast (34)
 K - a wand of acid (16)
 S - a wand of disintegration (15)
Scrolls
 j - 11 scrolls of remove curse
 n - 4 scrolls of fog
 y - 7 scrolls of magic mapping
 E - 4 scrolls of enchant armour
 G - a scroll of teleportation
 L - 13 scrolls of identify
 P - a scroll of enchant weapon
 U - a scroll of fear
 W - 5 scrolls of amnesia
 Z - a scroll of brand weapon {unknown}
Potions
 d - 2 potions of might
 k - 2 potions of mutation
 l - 3 potions of magic
 m - 4 potions of agility
 o - 6 potions of lignification
 s - 4 potions of flight
 v - 4 potions of curing
 x - a potion of ambrosia
 M - 3 potions of resistance
 N - 2 potions of cancellation
 X - a potion of haste
 Y - 2 potions of berserk rage {unknown}
Books
 b - a book of Necromancy

   Spells                             Type                      Level
   a - Pain                           Necromancy                   1
   b - Animate Skeleton               Necromancy                   1
   c - Vampiric Draining              Necromancy                   3
   d - Regeneration                   Charms/Necromancy            3
   e - Animate Dead                   Necromancy                   4
   f - Borgnjor's Vile Clutch         Necromancy/Earth             5
 i - a book of Misfortune

   Spells                             Type                      Level
   a - Confusing Touch                Hexes                        1
   b - Confuse                        Hexes                        3
   c - Gell's Gravitas                Translocation                3
   d - Petrify                        Transmutation/Earth          4
   e - Metabolic Englaciation         Hexes/Ice                    5
   f - Yara's Violent Unravelling     Hexes/Transmutation          5
 q - a book of Ice

   Spells                             Type                      Level
   a - Ice Form                       Ice/Transmutation            4
   b - Metabolic Englaciation         Hexes/Ice                    5
   c - Ozocubu's Refrigeration        Ice                          6
   d - Bolt of Cold                   Conjuration/Ice              6
   e - Freezing Cloud                 Conjuration/Ice/Air          6
   f - Simulacrum                     Ice/Necromancy               6
 w - a book of Minor Magic

   Spells                             Type                      Level
   a - Magic Dart                     Conjuration                  1
   b - Blink                          Translocation                2
   c - Call Imp                       Summoning                    2
   d - Slow                           Hexes                        2
   e - Conjure Flame                  Conjuration/Fire             3
   f - Mephitic Cloud                 Conjuration/Poison/Air       3
 D - a book of Power

   Spells                             Type                      Level
   a - Iskenderun's Battlesphere      Conjuration/Charms           5
   b - Venom Bolt                     Conjuration/Poison           5
   c - Bolt of Magma                  Conjuration/Fire/Earth       5
   d - Iron Shot                      Conjuration/Earth            6
   e - Orb of Destruction             Conjuration                  7
   f - Spellforged Servitor           Conjuration/Summoning        7
 V - a book of Clouds

   Spells                             Type                      Level
   a - Poisonous Vapours              Poison/Air                   2
   b - Mephitic Cloud                 Conjuration/Poison/Air       3
   c - Conjure Flame                  Conjuration/Fire             3
   d - Freezing Cloud                 Conjuration/Ice/Air          6
   e - Ring of Flames                 Charms/Fire                  7
Miscellaneous
 T - a crystal ball of energy
Comestibles
 c - 46 rations
 u - 7 chunks of flesh


   Skills:
 + Level 12.6 Fighting
 - Level 14.0 Staves
 + Level 12.1 Armour
 + Level 6.3 Dodging
 - Level 2.4 Stealth
 - Level 10.6 Spellcasting
 + Level 13.9 Necromancy
 + Level 3.8 Translocations
 - Level 7.6 Earth Magic
 + Level 12.2 Invocations


You had 20 spell levels left.
You knew the following spells:

 Your Spells              Type           Power        Failure   Level  Hunger
a - Pain                  Necr           ####         1%          1    None
b - Animate Skeleton      Necr           N/A          1%          1    None
c - Vampiric Draining     Necr           #####.....   1%          3    None
d - Regeneration          Chrm/Necr      ####......   2%          3    None
e - Borgnjor's Vile Clut  Necr/Erth      #####.....   4%          5    #####..
f - Animate Dead          Necr           N/A          1%          4    ###....
g - Blink                 Tloc           N/A          4%          2    None


Dungeon Overview and Level Annotations

Branches:
Dungeon (15/15)            Temple (1/1) D:4            Lair (6/6) D:10
  Swamp (4/4) Lair:2        Snake (0/4) Lair:4        Slime (0/5) Lair:6
    Orc (2/2) D:11            Elf (0/3) Orc:2        Vaults (2/5) D:13
 Depths (0/5) D:15
  Crypt: Vaults:2-3

Altars:
Ashenzari
Cheibriados
Dithmenos
Elyvilon
Fedhas
Gozag
Hepliaklqana
Kikubaaqudgha
Makhleb
Nemelex Xobeh
Okawaru
Qazlal
Ru
Sif Muna
Trog
Uskayaw
Vehumet
Wu Jian
Xom
Yredelemnul
Zin
The Shining One

Shops:
D:4 =   D:14 %   D:15 =   Orc:2 ([[}   Vaults:1 ?(?[

Portals:
Trove: D:10 (give +3 gold dragon scales)

Annotations:
D:4 1 runed door
D:12 exclusions: ynoxinul and 3 more exclusions
D:15 exclusion: Roxanne, Roxanne


Innate Abilities, Weirdness & Mutations

You have razor-sharp teeth.
You heal very quickly.
When hurt, damage is shared between your health and your magic reserves.
Your bite disrupts and absorbs the magic of your enemies.
Potions cannot restore your health.
You are immune to rotting.


Message History

The tengu reaver pecks you. The tengu reaver completely misses you.
Unknown command.
Casting: Vampiric Draining
Confirm with . or Enter, or press ? or * to list all spells.
Aiming: Vampiric Draining
Press: ? - help, Shift-Dir - straight line, f - tengu reaver
Aim: a tengu reaver, wielding a war axe of electrocution, wearing a scale mail and wearing a buckler (lightly wounded)
The tengu reaver is moderately wounded.
You feel life coursing into your body. The tengu reaver casts a spell at you.
The bolt of poison hits you!
You are poisoned.
* * * LOW HITPOINT WARNING * * *
The ironheart preserver casts a spell.
The ironheart preserver begins to accept its allies' injuries.
The tengu reaver points at you and mumbles some strange words.
The bolt of acid hits you!
* * * LOW HITPOINT WARNING * * *
The acid corrodes you!
You are splashed with acid!
The acid burns!
You die...

#.#.#.## #)..#
...#...#######+###
...#...##........#
...#...##........# .
#.#.#.###........# ...
##.[Z## #........# #....
#.Z.# #....>...###)..#..
#...# #........Q*Cp.....
##.## #.......@#))..)...
###Z#####'##########...#..
.(.)Z.....# ##....
.......)..# ...
....).....# .y ..........#
. ..........# ..........#
..........#


You could see an ironheart preserver, a stone giant, a tengu reaver and a
battlesphere.

Vanquished Creatures
  Rupert (D:13)
  Frances (D:13)
  A thorn hunter (Swamp:4)
  2 tengu reavers
  2 frost giants
  4 vault wardens
  Louise (D:14)
  6 ironheart preservers
  A war gargoyle (Vaults:2)
  Nessos (D:12)
  A deep elf demonologist (Vaults:1)
  The ghost of Dickchan the Protected, a journeyman GnWn of Nemelex Xobeh (Lair:2)
  A minotaur (Lab)
  A fire dragon (shapeshifter) (D:15)
  3 yaktaur captains
  2 great orbs of eyes (Vaults:1)
  3 rakshasas
  Josephine (Lair:6)
  16 hydras
  A fire dragon (Vaults:1)
  9 vault guards
  4 ice dragons
  4 ogre magi
  16 two-headed ogres
  9 centaur warriors
  10 alligators
  8 death yaks
  The ghost of Ge0ff the Cutter, a journeyman KoAE of Ashenzari (Lair:1)
  Urug (D:15)
  A spriggan berserker (Swamp:4)
  Sonja (D:13)
  The ghost of Hibernaculum the Covert, a novice OpFi of Dithmenos (D:9)
  A deep elf knight (Vaults:1)
  10 deep trolls
  A spriggan druid (Swamp:3)
  3 shambling mangroves
  2 glowing orange brains
  6 unseen horrors
  8 swamp dragons
  2 deep elf archers (Vaults:1)
  3 ironbrand convokers
  A wizard (Vaults:2)
  A lindwurm (Lair:6)
  2 wolf spider zombies
  8 orc knights
  21 ugly things
  2 wolf spiders
  4 oklob plants (Lair:1)
  4 manticores
  24 slime creatures
  6 cyclopes
  A moth of wrath (D:8)
  Joseph (D:10)
  A centaur zombie (D:13)
  3 elephants (Lair:5)
  8 black mambas
  6 vault sentinels
  3 torpor snails (Lair:6)
  Maurice (D:8)
  An ice statue (IceCv)
  A gargoyle (D:12)
  14 spiny frogs
  3 centaur skeletons
  A rime drake (shapeshifter) (Vaults:1)
  A spiny frog (shapeshifter) (Vaults:1)
  A komodo dragon (shapeshifter) (D:13)
  2 rime drakes
  4 komodo dragons
  A freezing wraith (Vaults:2)
  19 yaktaurs
  2 minotaur zombies (Lab)
  A troll (shapeshifter) (Vaults:1)
  15 hornets
  19 polar bears
  13 trolls
  6 tyrant leeches
  Grinder (D:4)
  12 blink frogs
  4 dream sheep (Lair:6)
  9 hippogriffs
  3 raiju (Lair:6)
  8 bog bodies
  A meliai zombie (D:13)
  4 spriggans
  7 wraiths
  65 yaks
  5 wyverns
  6 basilisks
  Sigmund (D:4)
  A shadow (Swamp:2)
  A hog (shapeshifter) (D:15)
  2 steam dragons
  10 vampire mosquitoes
  A human simulacrum (Vaults:2)
  3 hungry ghosts
  13 wargs
  Menkaure (D:4)
  19 swamp worms
  15 insubstantial wisps
  3 nagas (Lair:4)
  12 water moccasins
  An acid dragon (Vaults:1)
  A soldier ant (shapeshifter) (Vaults:1)
  9 hell hounds (Lair:6)
  6 porcupines
  4 ice beasts
  A hornet zombie (D:14)
  7 swamp drakes
  19 orc warriors
  4 phantoms
  13 black bears
  An eye of draining (D:15)
  4 sky beasts
  3 necrophages
  22 ogres
  A tengu (shapeshifter) (Vaults:1)
  55 wolves
  4 boggarts
  The ghost of aaaaaaaaaaaaaaaaaa the Chiller, an amateur DrIE of Sif Muna (D:3)
  10 crocodiles
  16 centaurs
  A big kobold (D:10)
  Blork the orc (D:6)
  2 gnoll sergeants
  12 bullfrogs
  A wyvern zombie (D:14)
  3 scorpions
  14 killer bees
  2 troll zombies (D:11)
  5 wights (D:10)
  4 howler monkeys
  An electric eel (Lair:6)
  3 bullfrog zombies
  8 crimson imps
  7 jellies
  A quasit (D:14)
  9 orc priests
  5 bullfrog skeletons
  6 hounds
  Jessica (D:3)
  6 iguanas
  Natasha (thrice) (D:1)
  10 orc wizards
  9 worker ants
  A killer bee zombie (D:7)
  2 ogre zombies (D:11)
  2 hound skeletons
  A worker ant zombie (D:6)
  12 gnolls
  8 adders
  A howler monkey skeleton (D:7)
  3 shadow imps
  5 oozes
  An adder zombie (D:7)
  7 worms
  A dart slug (D:1)
  4 leopard geckos
  75 orcs
  12 giant cockroaches
  20 goblins
  14 hobgoblins
  18 jackals
  17 kobolds
  2 quokkas (D:8)
  A ball python (Sewer)
  16 bats
  10 frilled lizards
  A goblin skeleton (D:11)
  2 goblin zombies (D:11)
  4 hobgoblin skeletons (D:11)
  A hobgoblin zombie (D:11)
  An orc skeleton (D:11)
  7 orc zombies (D:11)
  12 rats
  A fungus (Lair:5)
  11 plants
1128 creatures vanquished.

Vanquished Creatures (collateral kills)
  Agnes (D:15)
  A fire giant (D:12)
  A vault warden (Vaults:1)
  A stone giant (Orc:2)
  A yaktaur captain (Vaults:1)
  A catoblepas (D:14)
  7 hydras (Swamp:4)
  An alligator (Swamp:3)
  4 two-headed ogres
  2 death yaks (Lair:2)
  5 swamp dragons (Swamp:4)
  A shambling mangrove (Swamp:4)
  An ironbrand convoker (Vaults:1)
  A lindwurm (Lair:6)
  An orc knight (Bailey)
  2 ugly things
  2 orc sorcerers (Orc:2)
  3 elephants (Lair:5)
  A vault sentinel (Vaults:1)
  5 spiny frogs
  2 torpor snails (Lair:6)
  A gargoyle (D:13)
  A troll (Orc:2)
  A polar bear (IceCv)
  A tyrant leech (Lair:6)
  3 hornets
  9 slime creatures
  4 bog bodies
  2 blink frogs
  2 shadows
  9 yaks
  2 vampire mosquitoes (Swamp:2)
  4 insubstantial wisps
  3 hell hounds (Lair:6)
  3 swamp worms
  A water moccasin (D:9)
  5 swamp drakes
  A black bear (Lair:6)
  2 orc warriors (Bailey)
  An ice beast (D:10)
  5 ogres (Orc:2)
  A centaur (D:15)
  9 wolves
  3 bullfrogs
  A wyvern zombie (D:13)
  A troll zombie (D:11)
  An iguana (D:4)
  2 jellies
  An orc wizard (Orc:2)
  3 ogre zombies (D:11)
  Robin (D:2)
  A howler monkey skeleton (D:6)
  A gnoll (Orc:2)
  An adder (D:2)
  2 orcs
  A goblin (D:3)
  4 hobgoblins
  3 goblin zombies (D:11)
  A hobgoblin skeleton (D:11)
  5 orc zombies (D:11)
  A rat (D:2)
  5 fungi
  7 plants
159 creatures vanquished.

Vanquished Creatures (others)
  3 polar bears
  A blink frog (Lair:6)
  2 vampire mosquitoes (Swamp:3)
  A boggart (Vaults:1)
  4 wolves (IceCv)
  A bullfrog zombie (D:12)
  An orc (Vaults:1)
  5 fungi
  12 plants
30 creatures vanquished.

Grand Total: 1317 creatures vanquished

Notes
Turn   | Place    | Note
-------+----------+-------------------------------------------
     0 | D:1      | Jannitor the Vine Stalker Necromancer began the quest for the Orb.
     0 | D:1      | Reached XP level 1. HP: 9/9 MP: 4/4
   237 | D:1      | Learned a level 1 spell: Animate Skeleton
   291 | D:1      | Reached XP level 2. HP: 13/13 MP: 4/6
  1063 | D:1      | Reached XP level 3. HP: 15/16 MP: 5/8
  1606 | D:2      | Noticed Natasha
  1611 | D:2      | Noticed a centaur
  1613 | D:1      | Killed Natasha
  1613 | D:1      | Gained mutation: Your natural rate of healing is unusually fast. [Vine Stalker growth]
  1613 | D:1      | Reached XP level 4. HP: 9/21 MP: 4/9
  1801 | D:1      | Noticed Natasha
  1803 | D:1      | Killed Natasha
  1889 | D:1      | Noticed Natasha
  1930 | D:1      | Killed Natasha
  2029 | D:2      | Reached XP level 5. HP: 24/24 MP: 8/11
  2064 | D:2      | Killed a centaur
  2064 | D:2      | Reached skill level 5 in Necromancy
  2069 | D:2      | Learned a level 3 spell: Vampiric Draining
  2073 | D:2      | Learned a level 3 spell: Regeneration
  2380 | D:2      | Reached XP level 6. HP: 26/28 MP: 8/12
  3041 | D:3      | Noticed aaaaaaaaaaaaaaaaaa's ghost (amateur DrIE)
  3055 | D:3      | Killed aaaaaaaaaaaaaaaaaa's ghost
  3176 | D:3      | Noticed Jessica
  3181 | D:3      | Noticed Robin
  3185 | D:3      | Killed Jessica
  3322 | D:2      | Killed Robin
  3445 | D:3      | Found an iron altar of Okawaru.
  3446 | D:3      | Found a bloodstained altar of Trog.
  3715 | D:4      | Found Weudaci's Jewellery Shop.
  3724 | D:4      | Found a staircase to the Ecumenical Temple.
  3732 | D:4      | Reached XP level 7. HP: 24/32 MP: 1/14
  3796 | Temple   | Entered the Ecumenical Temple
  3956 | D:4      | Found a glowing drain.
  4055 | Sewer    | Entered a sewer
  4833 | D:4      | Noticed Sigmund
  4849 | D:4      | Killed Sigmund
  4849 | D:4      | Reached skill level 5 in Spellcasting
  4951 | D:4      | Noticed Grinder
  4977 | D:4      | Killed Grinder
  5093 | D:4      | Found a runed door.
  5162 | D:4      | Noticed Menkaure
  5172 | D:4      | Killed Menkaure
  5172 | D:4      | Gained mutation: You have razor-sharp teeth. [Vine Stalker growth]
  5172 | D:4      | Reached XP level 8. HP: 7/36 MP: 2/17
  5426 | D:4      | Reached skill level 1 in Staves
  5649 | D:5      | Entered Level 5 of the Dungeon
  6430 | D:5      | Reached skill level 2 in Staves
  6576 | D:5      | Found an ornate altar of the Wu Jian Council.
  6583 | D:5      | Found a shattered altar of Ashenzari.
  6596 | D:5      | Found a white marble altar of Elyvilon.
  6601 | D:5      | Found a deep blue altar of Sif Muna.
  6612 | D:5      | Found a hide-covered altar of Uskayaw.
  6619 | D:5      | Found a glowing silver altar of Zin.
  6624 | D:5      | Found a shimmering altar of Xom.
  6893 | D:5      | Reached skill level 1 in Fighting
  6992 | D:6      | Noticed Blork the orc
  7004 | D:6      | Killed Blork the orc
  7121 | D:6      | Reached skill level 3 in Staves
  7282 | D:6      | Reached XP level 9. HP: 38/42 MP: 16/19
  7511 | D:6      | Learned a level 5 spell: Borgnjor's Vile Clutch
  7557 | D:7      | Reached skill level 4 in Staves
  7610 | D:7      | Found a flagged portal.
  7654 | Bailey   | Entered a bailey
  8197 | Bailey   | Reached skill level 5 in Staves
  8421 | Bailey   | Noticed an orc knight
  8429 | Bailey   | Killed an orc knight
  8429 | Bailey   | Reached skill level 6 in Staves
  8429 | Bailey   | Reached XP level 10. HP: 34/49 MP: 2/22
  8895 | D:7      | Found a radiant altar of Vehumet.
  8896 | D:7      | Found a burning altar of Makhleb.
  8904 | D:7      | Became a worshipper of Makhleb the Destroyer
  9004 | D:8      | Found a shimmering altar of Xom.
  9027 | D:8      | Reached skill level 1 in Armour
  9065 | D:8      | Noticed a moth of wrath
  9070 | D:8      | Found a bloodstained altar of Trog.
  9097 | D:8      | Identified the +9 dagger of Tucvuagy {pierce, rPois rN+ Str+3} (You found it on level 8 of the Dungeon)
  9145 | D:8      | Killed a moth of wrath
  9214 | D:8      | Noticed Maurice
  9265 | D:8      | Killed Maurice
  9265 | D:8      | Reached skill level 7 in Staves
 10020 | D:9      | Reached skill level 5 in Fighting
 10097 | D:9      | Reached * piety under Makhleb
 10104 | D:9      | Found a sparkling altar of Nemelex Xobeh.
 10104 | D:9      | Noticed Hibernaculum's ghost (novice OpFi)
 10105 | D:9      | Found an opulent altar of Gozag.
 10116 | D:9      | Killed Hibernaculum's ghost
 10116 | D:9      | Reached XP level 11. HP: 50/55 MP: 19/24
 10300 | D:9      | Reached skill level 8 in Staves
 10849 | D:10     | Entered Level 10 of the Dungeon
 10923 | D:10     | Noticed Joseph
 10936 | D:10     | Killed an unseen horror
 10946 | D:10     | Killed Joseph
 11029 | D:10     | Found a portal to a secret trove of treasure.
 11060 | D:10     | Reached ** piety under Makhleb
 11109 | D:10     | Found a staircase to the Lair.
 11691 | Lair:1   | Entered Level 1 of the Lair of Beasts
 11709 | Lair:1   | Noticed an eight-headed hydra
 11715 | Lair:1   | Killed an eight-headed hydra
 11722 | Lair:1   | Reached skill level 1 in Earth Magic
 11722 | Lair:1   | Reached skill level 1 in Invocations
 11773 | Lair:1   | Found a labyrinth entrance.
 11779 | Lair:1   | Reached skill level 9 in Staves
 11807 | Lab      | Entered a labyrinth
 11949 | Lab      | Noticed a minotaur
 11950 | Lab      | Found the +10 zealot's sword {holy, *Rage rN+ EV+3}
 11956 | Lab      | Killed a minotaur
 11997 | Lab      | Gained mutation: You heal very quickly. [Vine Stalker growth]
 11997 | Lab      | Reached XP level 12. HP: 61/61 MP: 26/26
 12006 | Lair:1   | Found a frozen archway.
 12048 | IceCv    | Entered an ice cave
 12431 | IceCv    | Reached *** piety under Makhleb
 12613 | IceCv    | Noticed a death yak
 12627 | IceCv    | Reached skill level 5 in Earth Magic
 12639 | IceCv    | Killed a death yak
 12639 | IceCv    | Reached skill level 5 in Armour
 12669 | IceCv    | Learned a level 4 spell: Animate Dead
 12753 | IceCv    | Noticed a frost giant
 12775 | IceCv    | Killed a frost giant
 12985 | Lair:1   | Reached XP level 13. HP: 65/65 MP: 1/27
 13182 | Lair:1   | Reached **** piety under Makhleb
 13227 | Lair:1   | Noticed Ge0ff's ghost (journeyman KoAE)
 13799 | Lair:1   | Killed Ge0ff's ghost
 14015 | Lair:2   | Found a staircase to the Swamp.
 14578 | Lair:2   | Noticed Dickchan's ghost (journeyman GnWn)
 14601 | Lair:2   | Killed Dickchan's ghost
 14961 | Lair:3   | Reached skill level 10 in Staves
 15432 | Lair:3   | Reached skill level 10 in Spellcasting
 16087 | Lair:4   | Reached skill level 5 in Invocations
 16122 | Lair:4   | Reached ***** piety under Makhleb
 16261 | Lair:4   | Found a staircase to the Snake Pit.
 16273 | Lair:4   | Reached XP level 14. HP: 72/72 MP: 9/29
 17639 | Lair:6   | Entered Level 6 of the Lair of Beasts
 17726 | Lair:6   | Found a staircase to the Slime Pits.
 17999 | Lair:6   | Noticed Josephine
 18007 | Lair:6   | Killed Josephine
 18184 | Lair:6   | Reached skill level 11 in Staves
 18216 | Lair:6   | Reached skill level 10 in Necromancy
 18218 | Lair:6   | Reached ****** piety under Makhleb
 18477 | Lair:6   | Found a runed door.
 18766 | Lair:6   | Paralysed by a hornet for 2 turns
 18774 | Lair:6   | Reached XP level 15. HP: 58/79 MP: 1/30
 20223 | D:11     | Found a staircase to the Orcish Mines.
 20880 | D:12     | Noticed Nessos
 20890 | D:12     | Killed Nessos
 20987 | D:12     | Noticed a fire giant
 21000 | D:12     | Noticed a fire giant
 21000 | D:12     | Noticed a tengu reaver
 21066 | D:12     | Killed a fire giant
 21415 | D:12     | Noticed a frost giant
 21593 | D:12     | Killed a tengu reaver
 21695 | D:12     | Killed a frost giant
 21960 | Orc:1    | Entered Level 1 of the Orcish Mines
 22274 | Orc:2    | Entered Level 2 of the Orcish Mines
 22673 | Orc:2    | Found Ezihair's Antique Armour Boutique.
 22703 | Orc:2    | Reached skill level 10 in Fighting
 22811 | Orc:2    | Found Dadghilev's Gadget Shop.
 22813 | Orc:2    | Found Niwufuf's Antique Armour Emporium.
 22823 | Orc:2    | Found Nanomatu's Weapon Shop.
 22826 | Orc:2    | Bought a pair of runed gloves for 150 gold pieces
 23018 | Orc:2    | Reached skill level 12 in Staves
 23062 | Orc:2    | Reached XP level 16. HP: 85/85 MP: 10/31
 23141 | Orc:2    | Found a staircase to the Elven Halls.
 23585 | D:13     | Noticed Rupert
 23598 | D:13     | Killed Rupert
 23598 | D:13     | Reached skill level 10 in Armour
 23790 | D:13     | Found a gate to the Vaults.
 24413 | D:13     | Noticed Frances
 24446 | D:13     | Killed Frances
 24806 | D:14     | Noticed Sonja
 24828 | D:13     | Killed Sonja
 25369 | D:14     | Found Pesoraah's Food Shop.
 25634 | D:14     | Noticed Louise
 25642 | D:14     | Killed Louise
 25817 | D:15     | Entered Level 15 of the Dungeon
 25826 | D:15     | Noticed Urug
 25836 | D:15     | Reached skill level 10 in Invocations
 25839 | D:15     | Killed Urug
 25910 | D:15     | Noticed Agnes
 25927 | D:15     | Killed Agnes
 26474 | D:15     | Noticed Roxanne
 26542 | D:15     | Found Ihaqemen's Jewellery Shoppe.
 26566 | D:15     | Bought the ring of Robustness {AC+8} for 1536 gold pieces
 26566 | D:15     | Found the ring of Robustness {AC+8}
 26721 | D:15     | Found a staircase to the Depths.
 26744 | D:15     | Reached XP level 17. HP: 65/91 MP: 18/32
 26929 | Swamp:1  | Entered Level 1 of the Swamp
 28293 | Swamp:2  | Reached skill level 13 in Staves
 29672 | Swamp:4  | Entered Level 4 of the Swamp
 30185 | Swamp:4  | Got a decaying rune of Zot
 30700 | Vaults:1 | Entered Level 1 of the Vaults
 30700 | Vaults:1 | Found Siaqeisch's Magic Scroll Shoppe.
 30741 | Vaults:1 | Found Ceagekhiz's Magic Scroll Boutique.
 30749 | Vaults:1 | Reached XP level 18. HP: 98/98 MP: 33/33
 30825 | Vaults:1 | Bought a scroll of enchant weapon for 112 gold pieces
 30886 | Vaults:1 | Reached skill level 5 in Dodging
 31481 | Vaults:1 | Learned a level 2 spell: Blink
 31648 | Vaults:1 | Noticed a Brimstone Fiend
 31702 | Vaults:1 | Reached skill level 1 in Translocations
 31848 | Vaults:1 | Found Pygrykh's Weapon Emporium.
 32243 | Vaults:1 | Found Eqoddeyf's Antique Armour Shop.
 32774 | Vaults:2 | Reached XP level 19. HP: 103/103 MP: 10/34
 32959 | Vaults:2 | Reached skill level 14 in Staves
 33092 | Vaults:2 | Splashed by a tengu reaver's acid

Skill      XL: |  1  2  3  4  5  6  7  8  9 10 11 12 13 14 15 16 17 18 19 |
---------------+----------------------------------------------------------+-----
Dodging        | 2 3 4 6 |  6.3
Spellcasting   | 3 4 5 6 7 8 9 10 | 10.6
Necromancy     | 5 6 7 8 9 10 11 12 13 | 13.9
Staves         | 3 6 7 9 10 11 12 13 14 | 14.0
Fighting       | 2 4 5 6 7 9 10 11 12 | 12.6
Armour         | 2 4 6 7 9 10 11 12 | 12.1
Earth Magic    | 1 7 |  7.6
Invocations    | 1 2 5 7 9 10 11 12 | 12.2
Translocations | 3 |  3.8
Stealth        | |  2.4

Action                   |  1- 3 |  4- 6 |  7- 9 | 10-12 | 13-15 | 16-18 | 19-21 || total
-------------------------+-------+-------+-------+-------+-------+-------+-------++-------
Melee: Unarmed           |    14 |     8 |       |       |       |       |       ||    22
       Bite              |     7 |    57 |   124 |   136 |   272 |   417 |     9 ||  1022
       Dagger            |    13 |   213 |   171 |       |       |       |       ||   397
       Lajatang          |       |       |   249 |   495 |   922 |  1224 |    42 ||  2932
 Cast: Pain              |    45 |    14 |    14 |       |       |     1 |       ||    74
       Animate Skeleton  |    15 |    20 |    42 |    56 |    29 |     8 |       ||   170
       Regeneration      |       |     3 |    22 |    23 |    34 |    35 |     1 ||   118
       Vampiric Draining |       |     1 |     8 |     6 |    18 |     8 |     2 ||    43
       Borgnjor's Vile C |       |       |     2 |    13 |    61 |    69 |     2 ||   147
       Animate Dead      |       |       |       |     4 |    67 |    47 |     1 ||   119
Invok: Lesser Servant of |       |       |       |       |     5 |     2 |       ||     7
Evoke: Wand              |       |       |    16 |     9 |       |     8 |       ||    33
  Use: Potion            |       |     1 |     4 |     3 |     1 |     4 |       ||    13
       Scroll            |       |       |    23 |     9 |     6 |     9 |       ||    47
 Stab: Sleeping          |     1 |     7 |     9 |     3 |    12 |    10 |       ||    42
       Distracted        |       |       |     2 |       |     4 |    18 |       ||    24
  Eat: Chunk             |     3 |     7 |    18 |    14 |    34 |    36 |     1 ||   113
       Ration            |       |       |       |     2 |     6 |     6 |       ||    14
Armor: Robe              |     3 |    37 |    70 |       |       |       |       ||   110
       Ring mail         |       |       |       |   218 |   436 |   564 |    25 ||  1243
       Swamp dragon scal |       |       |       |       |       |   120 |       ||   120
Dodge: Dodged            |    20 |   179 |   386 |   367 |   698 |   761 |    34 ||  2445
